 Dungeon Crawl Stone Soup version 0.20.1-1-g8b1a95d (webtiles) character file.

806 Gargoyl the Covered (level 7, -3/61 HPs)
             Began as a Minotaur Abyssal Knight on Sept 1, 2017.
             Was a Priest of Lugonu.
             Slain by Pikel
             ... wielding a +2 whip of electrocution
              (6 damage)
             ... on level 5 of the Dungeon.
             The game lasted 00:08:18 (5042 turns).

Gargoyl the Covered (Minotaur Abyssal Knight)       Turns: 5042, Time: 00:08:19

Health: -3/61      AC: 10    Str: 16    XL:     7   Next: 60%
Magic:  8/8        EV:  7    Int:  9    God:    Lugonu [***...]
Gold:   198        SH:  0    Dex: 12    Spells: 6/6 levels left

rFire    . . .     SeeInvis .   a - +1 hand axe
rCold    . . .     Gourm    .   (no shield)
rNeg     . . .     Faith    .   e - +0 chain mail
rPois    .         Spirit   .   (helmet restricted)
rElec    .         Reflect  .   (no cloak)
rCorr    .         Harm     .   (no gloves)
MR       .....                  (no boots)
Stlth    ..........             (no amulet)
Regen    0.2/turn               (no ring)
MPRegen  0.2/turn               (no ring)

@: no status effects
A: retaliatory headbutt, horns 2
a: Depart the Abyss, Bend Space, Banish, Renounce Religion


You were on level 5 of the Dungeon.
You worshipped Lugonu.
Lugonu was most pleased with you.
You were very hungry.

You visited 1 branch of the dungeon, and saw 5 of its levels.
You visited the Abyss 1 time.

You collected 237 gold pieces.
You spent 39 gold pieces at shops.

Inventory:

Hand Weapons
 a - a +1 hand axe (weapon)
 q - a +0 war axe
Missiles
 u - 2 javelins of penetration (quivered)
Armour
 e - a +0 chain mail (worn)
Scrolls
 d - a scroll of identify
 h - 8 scrolls of remove curse
 r - 2 scrolls of teleportation
 s - a scroll of fog
 t - a scroll of enchant weapon {unknown}
Potions
 f - 2 potions of agility {unknown}
 j - 2 potions of curing
 k - 4 potions of might {unknown}
 l - a potion of invisibility {unknown}
 m - a potion of haste
 n - 2 potions of ambrosia
 o - a potion of degeneration {unknown}
 p - a potion of heal wounds {unknown}
Comestibles
 b - 8 fruits
 c - 6 bread rations
 g - 4 meat rations
 i - 4 royal jellies


   Skills:
 + Level 5.1 Fighting
 + Level 6.0 Axes
 * Level 7.0 Armour
 + Level 1.5 Dodging
 * Level 3.5 Invocations


You had 6 spell levels left.
You didn't know any spells.

Dungeon Overview and Level Annotations

Branches:
Dungeon (5/15)             Temple (0/1) D:4

Altars:
Nemelex Xobeh
Okawaru
Uskayaw

Shops:
D:4 ?

Annotations:
D:5 Pikel


Innate Abilities, Weirdness & Mutations

You reflexively headbutt those who attack you in melee.
You have a pair of horns on your head.


Message History

Pikel hits you with a whip of electrocution.
You hit Pikel.
Pikel is moderately wounded.
Pikel hits you with a whip of electrocution.
You closely miss Pikel.
Pikel is moderately wounded.
Pikel closely misses you. You furiously retaliate!
You headbutt Pikel, but do no damage. You slash Pikel!
Pikel is heavily wounded.
Pikel barely misses you.
You hit Pikel.
Pikel is heavily wounded.
Pikel hits you with a whip of electrocution.
You are electrocuted!
* * * LOW HITPOINT WARNING * * *
You hit Pikel.
Pikel is heavily wounded.
Pikel hits you with a whip of electrocution.
You die...

#.......####.....
###.##### #...##
#.# #...# #.#
#...## ###
#.#########....
#...
#.......#######
.....
#.#####..).....
......####.#
#..#####.
.....pK@...#
#.(......
......####.#
#.(##.... .....
#.#####.(#####.
#...
#.......(......
###
######.###.##.##.
#......# #.##.##.
#.####.# #.......
# ###.# #.......
#. #...# #...<...


You could see Pikel and a slave.

Vanquished Creatures
  Purgy (D:3)
  An ogre (D:5)
  3 slaves (D:5)
  A centaur (D:5)
  Blork the orc (D:4)
  A crimson imp (D:5)
  2 orc priests (D:4)
  A hound (D:4)
  A jelly (D:5)
  Jessica (D:2)
  3 worker ants
  A hound skeleton (D:5)
  8 adders
  A river rat (D:3)
  2 oozes (D:1)
  An adder skeleton (D:5)
  5 worms
  A dart slug (D:1)
  2 leopard geckos
  11 orcs
  8 giant cockroaches
  11 goblins
  12 hobgoblins
  2 jackals (D:5)
  6 kobolds
  A quokka (D:3)
  2 ball pythons
  10 bats
  8 frilled lizards
  A leopard gecko skeleton (D:4)
  13 rats
  A butterfly (D:4)
123 creatures vanquished.

Notes
Turn   | Place    | Note
-------+----------+-------------------------------------------
     0 | Abyss:1  | Gargoyl the Minotaur Abyssal Knight began the quest for the Orb.
     0 | Abyss:1  | Reached XP level 1. HP: 19/19 MP: 1/1
    11 | Abyss:1  | Found a basalt altar of Yredelemnul.
    81 | Abyss:3  | Noticed a bone dragon
    88 | Abyss:3  | Found a corrupted altar of Lugonu.
    91 | Abyss:3  | Noticed a ynoxinul
    97 | D:1      | Escaped the Abyss
   183 | D:1      | Reached XP level 2. HP: 13/27 MP: 2/2
   504 | D:1      | Reached * piety under Lugonu
   678 | D:1      | Reached skill level 3 in Armour
   898 | D:1      | Reached XP level 3. HP: 33/33 MP: 3/3
  1057 | D:2      | Noticed Jessica
  1064 | D:2      | Killed Jessica
  1136 | D:2      | Found an iron altar of Okawaru.
  1147 | D:2      | Reached XP level 4. HP: 33/40 MP: 4/4
  1288 | D:2      | Reached skill level 4 in Armour
  1509 | D:2      | Reached ** piety under Lugonu
  1582 | D:2      | Reached XP level 5. HP: 30/47 MP: 5/5
  1911 | D:3      | Found a sparkling altar of Nemelex Xobeh.
  1967 | D:3      | Noticed Purgy
  1986 | D:3      | Killed Purgy
  1986 | D:3      | Reached skill level 5 in Armour
  2203 | D:3      | HP: 2/47 [poisoned by kobold (curare-tipped needle)]
  2512 | D:3      | Reached XP level 6. HP: 53/53 MP: 7/7
  2548 | D:3      | Reached *** piety under Lugonu
  3286 | D:4      | Found a hide-covered altar of Uskayaw.
  3652 | D:4      | Found Ymiuci Epne's Magic Scroll Shoppe.
  3658 | D:4      | Bought a scroll of teleportation for 39 gold pieces
  3681 | D:4      | Noticed Blork the orc
  3689 | D:4      | Killed Blork the orc
  3689 | D:4      | Reached skill level 5 in Axes
  3905 | D:4      | Reached skill level 5 in Fighting
  3990 | D:4      | Reached skill level 6 in Armour
  3990 | D:4      | Reached XP level 7. HP: 49/61 MP: 8/8
  4313 | D:4      | Found a staircase to the Ecumenical Temple.
  4463 | D:5      | Entered Level 5 of the Dungeon
  4988 | D:5      | Reached skill level 7 in Armour
  5007 | D:5      | Noticed Pikel
  5041 | D:5      | HP: 3/61 [Pikel/whip of electrocution (16)]
  5042 | D:5      | Slain by Pikel

Skill      XL: |  1  2  3  4  5  6  7 |
---------------+----------------------+-----
Fighting       | 4 5 |  5.1
Armour         | 3 4 5 6 7 |  7.0
Invocations    | 2 3 |  3.5
Axes           | 3 4 5 6 |  6.0
Dodging        | |  1.5

Action                   |  1- 3 |  4- 6 |  7- 9 || total
-------------------------+-------+-------+-------++-------
Melee: Hand axe          |    79 |   211 |    73 ||   363
       Headbutt          |     8 |    34 |    10 ||    52
Invok: Depart the Abyss  |     1 |       |       ||     1
  Use: Scroll            |     4 |     4 |       ||     8
  Eat: Chunk             |     1 |     9 |     2 ||    12
Armor: Chain mail        |    72 |   149 |    38 ||   259
       Leather armour    |     1 |       |       ||     1
Dodge: Dodged            |    32 |    88 |    30 ||   150
